 Dungeon Crawl Stone Soup version 0.28-a0-1347-g113dc556a4 (webtiles) character file.

Game seed: 17830363711671201920

12798 SirFunk the Thaumaturge (level 12, -8/132 HPs)
             Began as a Djinni Hedge Wizard on Dec 29, 2021.
             Was a Priest of Makhleb.
             Mangled by a manticore (15 damage)
             ... on level 11 of the Dungeon.
             The game lasted 01:16:25 (20178 turns).

SirFunk the Thaumaturge (Djinni Hedge Wizard)      Turns: 20178, Time: 01:16:25

Health: -8/132     AC: 26    Str:  9    XL:     12   Next: 24%
Gold:   1111       EV:  2    Int: 22    God:    Makhleb [***...] SH:  0 Dex: 12

rFire   . . .      SeeInvis +   a - +2 whip (elec)
rCold   . . .      Faith    .   (no shield)
rNeg    . . .      Spirit   .   (armour currently unavailable)
rPois   ∞          Reflect  .   (helmet currently unavailable)
rElec   .          Harm     .   (cloak currently unavailable)
rCorr   .          Rampage  .   (gloves currently unavailable)
Will    +....      Rage     1%  (boots unavailable)
Stlth   ++........ NoTele   +   (no amulet)
HPRegen 0.32/turn               n - ring of see invisible
MPRegen 0.00/turn               i - ring of wizardry

@: tree-form, attractive
A: stationary, stasis, torment immunity, boosted hp, sickness immunity, (fire
resistance 3), (cold vulnerability 1), float, innate caster, hp casting, extra
vitality 1, (horns 1), berserk 1
a: Renounce Religion, Minor Destruction, Lesser Servant of Makhleb


You were on level 11 of the Dungeon.
You worshipped Makhleb.
Makhleb was most pleased with you.
You were a tree.
You visited 2 branches of the dungeon, and saw 12 of its levels.
You also visited: Sewer.

You collected 1111 gold pieces.

Inventory:

Hand Weapons
 a - a +2 whip of electrocution (weapon)
 b - the +9 fustibalus "Luaseb" {speed, rN+ Dex+7}
   (You found it on level 10 of the Dungeon)

   Attacks with this weapon are significantly faster.
   Dex:       It affects your dexterity (+7).
   rN:        It protects you from negative energy.
 o - a +2 dagger of venom
 q - a +2 short sword of distortion
 H - a +3 dire flail of freezing
 O - a +0 hunting sling
Missiles
 g - 261 stones
 B - 2 throwing nets
Armour
 c - a +0 hat (melded)
 j - a +2 pair of gloves (melded)
 m - a +1 robe of positive energy
 x - a +2 robe of cold resistance
 z - +1 swamp dragon scales
 N - a +0 troll leather armour
 P - the +3 robe of Clouds (melded) {*Thunder rCloud rElec}
   (You found it on level 10 of the Dungeon)

   It occasionally creates storm clouds above nearby enemies.
   It grants its wearer immunity to clouds.
   rElec:     It insulates you from electricity.
 S - a +0 chain mail of cold resistance
Magical Staves
 w - a staff of fire
 Q - a staff of air
Jewellery
 e - a ring of positive energy
 i - a ring of wizardry (right branch)
 n - a ring of see invisible (left branch)
 p - the ring "Xaihat" {rF+ Will+ Int+2}
   (You found it on level 10 of the Dungeon)

   [ring of protection from fire]

   Int:       It affects your intelligence (+2).
   rF:        It protects you from fire.
   Will:      It increases your willpower.
 A - a ring of protection from cold
Wands
 h - a wand of paralysis (5)
 k - a wand of acid (5)
 y - a wand of flame (12)
 F - a wand of charming (18)
 G - a wand of iceblast (14)
Scrolls
 u - 3 scrolls of magic mapping
 C - a scroll of silence
 D - 2 scrolls of noise
 J - a scroll of immolation {unknown}
 K - a scroll of vulnerability {unknown}
 L - a scroll of amnesia {unknown}
Potions
 d - 2 potions of haste
 f - 2 potions of brilliance
 l - 2 potions of magic
 r - 2 potions of might
 s - a potion of berserk rage
 t - a potion of ambrosia
 v - 3 potions of curing
Miscellaneous
 R - a phial of floods


   Skills:
 + Level 8.5 Fighting
 - Level 6.0 Maces & Flails
 + Level 0.1 Slings
 + Level 1.8 Armour
 + Level 9.7 Dodging
 - Level 1.5 Stealth
 * Level 9.8 Spellcasting
 + Level 1.7 Invocations


You had 4 spell levels left.
You knew the following spells:

 Your Spells              Type           Power      Damage    Failure   Level
a - Magic Dart            Conj           100%       1d8       1%          1
b - Blink                 Tloc           100%       N/A       1%          2
c - Call Imp              Summ           52%        N/A       1%          2
d - Slow                  Hex            100%       N/A       1%          1
e - Conjure Flame         Conj/Fire      52%        6-21      1%          3
f - Mephitic Cloud        Conj/Pois/Air  52%        N/A       1%          3
g - Apportation           Tloc           100%       N/A       1%          1
h - Poisonous Vapours     Pois/Air       100%       N/A       1%          2
i - Frozen Ramparts       Ice            100%       1d12      1%          3
j - Gell's Gravitas       Tloc           52%        N/A       1%          3
k - Lee's Rapid Deconstr  Erth           26%        3d15*     1%          5
Your spell library was empty.

Dungeon Overview and Level Annotations

Branches:
Dungeon (11/15)            Temple (1/1) D:5            Lair (0/6) D:11
    Orc (0/2) D:10          Sewer (visited)

Altars:
Ashenzari
Cheibriados
Dithmenos
Elyvilon
Fedhas
Gozag
Hepliaklqana
Kikubaaqudgha
Makhleb
Nemelex Xobeh
Okawaru
Qazlal
Ru
Sif Muna
Trog
Uskayaw
Vehumet
Wu Jian
Xom
Yredelemnul
Zin
The Shining One

Shops:
D:7 [   D:8 =

Annotations:
D:2 Sigmund
D:6 1 runed translucent door, awesomeguy42's ghost, novice HuNe
D:7 1 runed translucent door, Crazy Yiuf
D:8 2 transporters, Creed's ghost, novice DsCj
D:10 6 HEADED HYDRA o_o


Innate Abilities, Weirdness & Mutations

You are a tree.
Your roots penetrate the ground, keeping you stationary.
You cannot be teleported.
You are immune to unholy pain and torment.
Your maximum health is greatly increased.
Your equipment is partially melded.
You are immune to sickness and miasma.
You are immune to poison.
((Your flesh is almost immune to the effects of heat. (rF+++)))
((You are vulnerable to cold. (rC-)))
You float through the air rather than walking.
You learn spells naturally, not from books.
Your magical power is your life essence.
You have superior vitality. (+4 MHP)
((You have a pair of small horns on your head.))
You tend to lose your temper in combat.


Message History

You start resting.
A manticore is nearby!
A manticore is nearby!
Casting: Blink (safe; 1% risk of failure)
Confirm with . or Enter, or press ? or * to list all spells.
Okay, then.
Okay, then.
It was a potion of attraction.
You feel attractive to monsters. The manticore is attracted toward you.
It was a potion of lignification.
You turn into a tree.
Your +0 hat melds into your body.
Your +2 pair of gloves melds into your body.
The +3 robe of Clouds {*Thunder rCloud rElec} melds into your body.
Your roots penetrate the ground.
You carefully extract the barbed spikes from your body.
The manticore bites you!
* * * LOW HITPOINT WARNING * * *
The manticore claws you but does no damage. x2
Unknown command.
You hit the manticore but do no damage.
Lightning courses through the manticore!
The manticore is heavily wounded.
The manticore bites you!
* * * LOW HITPOINT WARNING * * *
The manticore claws you but does no damage. x2
You closely miss the manticore.
The manticore is heavily wounded.
Unknown command.
You hit the manticore.
Lightning courses through the manticore!
The manticore is severely wounded.
The manticore bites you.
* * * LOW HITPOINT WARNING * * *
The manticore claws you but does no damage. x2
Unknown command.
You barely miss the manticore.
The manticore is severely wounded.
The manticore bites you!
You die...

#.#.....# #..#.......#
#.#.....# #..........#
####.#.....# #..#...#...#
#....#.....# #..#...#...#
#..........# #..#...#...#
#..........# #..#...#^..#
###...#'##.# #..#...#...#
.......#.##.######..#........
...........>♣................
#####.##.##..H...............
#. #.........##.#.#..#... #.
#.##.###.###.#.#..#... #.
#.##.###.###...#..#...
[.....................
#.....##.###..H##.#.#.
#.....................
.....##.###...#......


You could see a manticore.

Vanquished Creatures
  A boulder beetle (D:10)
  A death knight (D:10)
  Erolcha (D:9)
  A two-headed ogre (D:8)
  Nergalle (D:10)
  An ugly thing (D:10)
  Maggie (D:6)
  2 trolls (D:10)
  3 hornets (D:10)
  Grinder (D:5)
  A slime creature (D:10)
  2 shadows
  12 yaks
  Grum (D:8)
  A steam dragon (D:7)
  2 acid dragons
  Menkaure (D:6)
  2 water moccasins
  6 orc warriors
  2 ice beasts
  A black bear (D:5)
  A swamp drake (D:10)
  A sky beast (D:6)
  4 ogres
  3 centaurs
  4 wolves
  Blork the orc (D:6)
  3 kobold brigands
  3 bullfrogs
  3 scorpions
  A water moccasin zombie (D:7)
  A wyvern skeleton (D:6)
  A water moccasin skeleton (D:7)
  11 killer bees
  6 wights
  A howler monkey (D:6)
  4 centaur zombies
  2 jellies (D:7)
  5 orc priests
  A bullfrog skeleton (D:5)
  A gnoll shaman (D:7)
  An iguana (D:5)
  14 orc wizards
  4 howler monkey zombies
  11 adders
  7 gnolls
  3 river rats (Sewer)
  A white imp (D:7)
  4 worms (D:5)
  2 dart slugs
  42 orcs
  7 endoplasms
  8 giant cockroaches
  4 goblins
  3 hobgoblins
  8 quokkas
  5 ball pythons
  11 bats
  6 frilled lizards
  11 kobolds
  13 rats
266 creatures vanquished.

Vanquished Creatures (collateral kills)
  An adder (D:2)
  An orc (D:8)
  A hobgoblin (D:2)
  4 jackals (D:1)
  A kobold (D:2)
8 creatures vanquished.

Vanquished Creatures (others)
  An ufetubus (D:6)
  A fungus (D:7)
  4 plants (D:1)
6 creatures vanquished.

Grand Total: 280 creatures vanquished

Notes
Turn   | Place    | Note
-------+----------+-------------------------------------------
     0 | D:1      | SirFunk the Djinni Hedge Wizard began the quest for the
                  | Orb.
     0 | D:1      | Reached XP level 1. HP: 15/15 MP: 0/0
   420 | D:1      | Reached XP level 2. HP: 21/22 MP: 0/0
   453 | D:1      | Found a faded altar of an unknown god.
  1120 | D:1      | Reached XP level 3. HP: 23/26 MP: 0/0
  1120 | D:1      | Learned a level 1 spell: Apportation
  1157 | D:1      | Reached skill level 1 in Fighting
  1683 | D:2      | Found a glowing silver altar of Zin.
  2014 | D:2      | Reached XP level 4. HP: 31/32 MP: 0/0
  2328 | D:2      | Noticed Sigmund
  2333 | D:2      | Gained mutation: You tend to lose your temper in combat.
                  | [potion of mutation]
  2333 | D:2      | Gained mutation: You have a pair of small horns on your
                  | head. [potion of mutation]
  2333 | D:2      | Gained mutation: Your flesh is almost immune to the effects
                  | of heat. (rF+++) [potion of mutation]
  4282 | D:4      | Noticed a scorpion
  4296 | D:4      | Killed a scorpion
  4297 | D:4      | Reached XP level 5. HP: 28/38 MP: 0/0
  4297 | D:4      | Learned a level 2 spell: Poisonous Vapours
  4788 | D:4      | Reached XP level 6. HP: 36/44 MP: 0/0
  5009 | D:4      | Found a glowing silver altar of Zin.
  5138 | D:4      | You are sucked into a shaft and drop 1 floor!
  5138 | D:5      | Entered Level 5 of the Dungeon
  5142 | D:5      | Found a staircase to the Ecumenical Temple.
  5151 | D:5      | Noticed Grinder
  5186 | Temple   | Entered the Ecumenical Temple
  5544 | Temple   | Became a worshipper of Makhleb the Destroyer
  5587 | D:5      | Noticed a black bear
  5587 | D:5      | Paralysed by Grinder for 3 turns
  5618 | D:5      | Noticed an ogre
  6304 | D:5      | Killed Grinder
  6305 | D:5      | Reached XP level 7. HP: 44/50 MP: 0/0
  6305 | D:5      | Learned a level 3 spell: Frozen Ramparts
  6332 | D:5      | Reached skill level 5 in Spellcasting
  6334 | D:5      | Reached XP level 8. HP: 8/58 MP: 0/0
  6627 | D:5      | Noticed a moth of wrath
  6667 | D:5      | Reached skill level 5 in Dodging
  6780 | D:5      | Found a bloodstained altar of Trog.
  7444 | D:6      | Found a glowing drain.
  7481 | Sewer    | Entered a sewer
  7487 | Sewer    | Reached * piety under Makhleb
  8251 | D:6      | Noticed Maggie
  8261 | D:6      | Reached skill level 1 in Maces & Flails
  8264 | D:6      | Killed Maggie
  8265 | D:6      | Reached XP level 9. HP: 44/64 MP: 0/0
  8265 | D:6      | Learned a level 3 spell: Gell's Gravitas
  8276 | D:6      | Reached skill level 5 in Fighting
  8292 | D:6      | Noticed Blork the orc
  8314 | D:6      | Killed Blork the orc
  8688 | D:6      | Found a runed translucent door.
  8692 | D:6      | Found a shimmering altar of Xom.
  8692 | D:6      | Noticed a +0 mace of chaos
  8693 | D:6      | Noticed awesomeguy42's ghost (novice HuNe)
  8776 | D:6      | Noticed Menkaure
  8796 | D:6      | Killed Menkaure
 10017 | D:7      | Found Kerung's Armour Shoppe.
 10100 | D:7      | Found an opulent altar of Gozag.
 10100 | D:7      | Found a sparkling altar of Nemelex Xobeh.
 10187 | D:7      | Reached XP level 10. HP: 63/72 MP: 0/0
 10251 | D:7      | Reached ** piety under Makhleb
 10757 | D:7      | Found a runed translucent door.
 10758 | D:7      | Noticed Crazy Yiuf
 11456 | D:8      | Noticed Grum
 12187 | D:8      | Killed Grum
 12598 | D:8      | Found Bata's One-of-a-Kind Rings.
 12861 | D:8      | Found a transporter.
 12866 | D:8      | Noticed Creed's ghost (novice DsCj)
 12867 | D:8      | Noticed a moth of wrath
 12877 | D:8      | Found a transporter.
 12891 | D:8      | Noticed a two-headed ogre
 13826 | D:8      | Killed a two-headed ogre
 14087 | D:9      | Identified a scroll of acquirement
 14088 | D:9      | Acquired 416 gold pieces
 14296 | D:9      | Reached XP level 11. HP: 49/79 MP: 0/0
 14296 | D:9      | Learned a level 5 spell: Lee's Rapid Deconstruction
 14828 | D:9      | Noticed Erolcha
 15466 | D:9      | Killed Erolcha
 15467 | D:9      | Reached skill level 5 in Maces & Flails
 15586 | D:10     | Entered Level 10 of the Dungeon
 15969 | D:10     | Noticed Nergalle
 15978 | D:10     | Killed Nergalle
 16472 | D:10     | Reached *** piety under Makhleb
 16835 | D:10     | Noticed a death knight
 17549 | D:10     | Found a staircase to the Orcish Mines.
 18035 | D:10     | Found a broken altar of Ashenzari.
 18483 | D:10     | Killed a death knight
 18484 | D:10     | Reached XP level 12. HP: 46/88 MP: 0/0
 18699 | D:10     | Noticed a boulder beetle
 18702 | D:10     | Noticed a six-headed hydra
 19019 | D:10     | Killed a boulder beetle
 19020 | D:10     | Reached skill level 1 in Armour
 19020 | D:10     | Reached skill level 1 in Invocations
 19639 | D:10     | Found the +3 robe of Clouds {*Thunder rCloud rElec}
 19641 | D:10     | Identified the ring "Xaihat" {rF+ Will+ Int+2}
 19641 | D:10     | Identified the +9 fustibalus "Luaseb" {speed, rN+ Dex+7}
 20130 | D:11     | Found a staircase to the Lair.
 20178 | D:11     | Mangled by a manticore

Illustrated notes

Levels and vault maps discovered:
D:1:      dpeg_arrival_stonehenge_8_columns, layout_loops_ring,
          shapermc_ecumenical_altar_flowoftime, chequers_serial_rivers_micro_d,
          serial_bayou_lagoon_a
D:2:      minmay_inner_zag, layout_loops_corners, basic_altar, uniq_sigmund
D:3:      layout_basic
D:4:      layout_loops_ring, lemuel_coloured_pillars_altar
D:5:      layout_cave_pools, tgw_trog, minmay_temple_entry_statues_fountains,
          lightli_ossuary_entry_decrepit_ruins, uniq_grinder
D:6:      layout_loops_corners, gup_sewer_entry_pipe, ebering_ghost_xom,
          uniq_blork_the_orc, uniq_menkaure, uniq_maggie
D:7:      layout_basic, grunt_temple_overflow_opulence, serial_shops,
          nicolae_shop_stone, kennysheep_small_spiral, kennysheep_small_circle,
          uniq_crazy_yiuf_cottage
D:8:      layout_basic, gammafunk_ghost_berserking_beasts, serial_rivers,
          chequers_serial_rivers_room_a, chequers_serial_rivers_micro_c,
          chequers_serial_rivers_micro_e, chequers_serial_rivers_micro_e,
          chequers_serial_rivers_large_b, chequers_serial_rivers_large_a,
          minmay_misc_feat_cross, nicolae_shop_unique_rings, minivault_10,
          uniq_grum
D:9:      layout_roguey, uniq_erolcha
D:10:     layout_loops_ring, kennysheep_little_box, erik_orc_1,
          hangedman_abyss_or_decor_stagger, minmay_the_grid_2x2
          [minmay_the_grid_expand, minmay_the_grid_minigrid_medium,
          minmay_the_grid_mess, minmay_the_grid_prize_shrinking_boxes],
          uniq_nergalle
D:11:     layout_basic, lair_entry_dummy, serial_curves, eino_curves_02,
          eino_curves_02, eino_curves_03, eino_curves_03, roderic_malta_cross,
          slow_altar_1
Temple:   minmay_crystal_spiral_temple

Skill      XL: |  1  2  3  4  5  6  7  8  9 10 11 12 |
---------------+-------------------------------------+-----
Fighting       | 1 2 3 4 5 7 8 |  8.5
Spellcasting   | 3 4 5 6 7 8 9 |  9.8
Dodging        | 3 4 6 7 8 9 |  9.7
Maces & Flails | 1 3 4 5 6 |  6.0
Armour         | 1 |  1.8
Invocations    | 1 |  1.7
Slings         | |  0.1
Stealth        | |  1.5

Action                   |  1- 3 |  4- 6 |  7- 9 | 10-12 || total
-------------------------+-------+-------+-------+-------++-------
Melee: Dagger            |    51 |    25 |     3 |       ||    79
       Headbutt          |       |     3 |    22 |    42 ||    67
       Whip              |       |       |   130 |   310 ||   440
 Fire: Hunting sling     |       |       |       |     2 ||     2
       Fustibalus        |       |       |       |    11 ||    11
 Cast: Magic Dart        |    50 |   122 |   156 |   157 ||   485
       Call Imp          |     5 |     4 |     2 |     4 ||    15
       Blink             |     1 |     2 |     4 |     9 ||    16
       Mephitic Cloud    |       |    11 |    10 |    23 ||    44
       Conjure Flame     |       |     3 |     7 |    49 ||    59
       Slow              |       |     4 |       |     1 ||     5
       Gell's Gravitas   |       |       |       |    24 ||    24
       Frozen Ramparts   |       |       |       |    19 ||    19
       Poisonous Vapours |       |       |       |     2 ||     2
       Lee's Rapid Decon |       |       |       |     4 ||     4
Evoke: Wand              |       |     3 |    14 |     3 ||    20
  Use: Potion            |       |     4 |     1 |     4 ||     9
       Scroll            |       |     6 |     1 |    14 ||    21
 Stab: Sleeping          |     1 |     2 |     1 |     1 ||     5
       Confused          |       |     1 |     3 |     9 ||    13
       Invisible         |       |       |     2 |       ||     2
       Distracted        |       |       |       |     1 ||     1
Armor: Robe              |    14 |     6 |    38 |    52 ||   110
       Skin              |       |       |       |     6 ||     6
Dodge: Dodged            |    59 |    33 |   118 |   216 ||   426

Table legend: (Time is in decaauts)
 A = Elapsed time spent in this place.
 B = Non-inter-level travel time spent in this place.
 C = Inter-level travel time spent in this place.
 D = Time resting spent in this place.
 E = Time spent auto-exploring this place.
 F = Levels seen in this place.
 G = Mean time per level.
                   A        B        C        D        E       F      G
               +--------+--------+--------+--------+--------+-----+--------+
         Total |  20177 |  19495 |    682 |   8319 |   7759 |  13 | 1552.1 |
       Dungeon |  19221 |  18623 |    598 |   8125 |   7207 |  11 | 1747.4 |
        Temple |    400 |    316 |     84 |    187 |    111 |   1 |  400.0 |
         Sewer |    554 |    554 |      0 |      7 |    440 |   1 |  554.0 |
               +--------+--------+--------+--------+--------+-----+--------+

Top non-repeatable levels by time:
    D:10: 3784 daAuts
     D:7: 2825 daAuts
     D:8: 1966 daAuts
     D:1: 1893 daAuts
     D:6: 1743 daAuts
     D:9: 1582 daAuts
     D:2: 1472 daAuts
     D:4: 1420 daAuts
     D:5: 1400 daAuts
     D:3: 790 daAuts
   Sewer: 554 daAuts
  Temple: 400 daAuts
    D:11: 341 daAuts
